 Dungeon Crawl Stone Soup version 0.29.0-4-gdea44cf6ec (webtiles) character file.

Game seed: 10372193272437499668

8142 qw the Grappler (level 11, -1/105 HPs)
             Began as a Troll Cinder Acolyte on Sept 1, 2022.
             Was a Believer of Okawaru.
             Slain by a rakshasa
             ... wielding a +0 trident
              (14 damage)
             ... on level 9 of the Dungeon.
             The game lasted 00:05:11 (10285 turns).

qw the Grappler (Troll Cinder Acolyte)             Turns: 10285, Time: 00:05:12

Health: -1/105     AC: 11    Str: 28    XL:     11   Next: 6%
Magic:  11/13      EV: 10    Int: 10    God:    Okawaru [**....]
Gold:   1194       SH:  0    Dex:  5    Spells: 12/12 levels left

rFire   . . .      SeeInvis .     - Unarmed
rCold   + . .      Faith    .   (no shield)
rNeg    . . .      Spirit   .   h - +2 acid dragon scales
rPois   .          Reflect  .   (helmet restricted)
rElec   .          Harm     .   k - scarf {rC+ rF+}
rCorr   +          Rampage  .   (gloves unavailable)
Will    .....                   (boots unavailable)
Stlth   ++........              (no amulet)
HPRegen 1.07/turn               (no ring)
MPRegen 0.13/turn               (no ring)

@: about to teleport, heroic, fire susceptible
A: large, unfitting armour, claws 3, regeneration 1, shaggy fur 1, tough skin 1
a: Renounce Religion, Heroism


You were on level 9 of the Dungeon.
You worshipped Okawaru.
Okawaru was pleased with you.
You visited 2 branches of the dungeon, and saw 12 of its levels.

You collected 1194 gold pieces.


Innate Abilities, Weirdness & Mutations

You are too large for most types of armour.
You have claws for hands.
Your natural rate of healing is unusually fast.
You are covered in fur. (AC +1)
You have tough skin. (AC +1)


   Skills:
 - Level 6.1(11.1) Fighting
 - Level 3.7(8.7) Throwing
 - Level 2.1(7.1) Armour
 - Level 1.1(6.1) Dodging
 + Level 14.2(19.2) Unarmed Combat
 - Level 1.0 Spellcasting
 - Level 2.1 Fire Magic
 - Level 4.0 Invocations


You had 12 spell levels left.
You didn't know any spells.
Your spell library contained the following spells:

 Spells                   Type           Power      Damage    Failure   Level
 Scorch                   Fire           8%         2d5       26%         2

Inventory:

Missiles
 f - 5 silver boomerangs (quivered)
 j - 7 boomerangs
Armour
 h - +2 acid dragon scales (worn)
 k - a scarf of resistance (worn)
 l - a +1 cloak
Jewellery
 g - a ring of resist corrosion
Wands
 a - a wand of digging (13)
Scrolls
 e - 6 scrolls of teleportation
 i - 2 scrolls of identify
Potions
 b - a potion of cancellation
 c - a potion of might
 d - 3 potions of curing
 m - a potion of flight {unknown}

Dungeon Overview and Level Annotations

Branches:
Dungeon (11/15)            Temple (1/1) D:4            Lair (0/5) D:10
    Orc: D:9-12

Altars:
Elyvilon
Fedhas
Makhleb
Okawaru
Ru
Uskayaw
Wu Jian
Xom
Yredelemnul
The Shining One

Shops:
D:4 :

Annotations:
D:6 1 runed translucent door, Crazy Yiuf
D:7 3 runed translucent doors, qw's ghost, novice TrCA


Message History

You eviscerate the kobold brigand!!!
You kill the kobold brigand!
Okawaru accepts your kill.
You have reached level 11!
You eviscerate the deep elf pyromancer!!!
The deep elf pyromancer is almost dead.
You hear a shout!
You mangle the deep elf pyromancer!!
You kill the deep elf pyromancer!
Okawaru is honoured by your kill.
The fire elemental disappears in a puff of smoke!
The rakshasa hits you from afar with a +0 trident.
The rakshasa gestures at you. The lance of force hits you!!
You are knocked back by the lance of force.
You slam into the metal wall!
Items here: % ( )).
You barely miss the rakshasa. You claw the rakshasa!
The rakshasa is heavily wounded.
The injured rakshasa weaves a defensive illusion!
You barely miss the rakshasa. Your claw misses the rakshasa.
The rakshasa is heavily wounded.
You miss the rakshasa.
The rakshasa is heavily wounded.
The rakshasa hits you with a +0 trident.
The rakshasa hits you from afar with a +0 trident!
You barely miss the rakshasa.
You claw the rakshasa, but do no damage.
The rakshasa is heavily wounded.
You claw the rakshasa! Your claw misses the rakshasa.
The rakshasa is almost dead.
The rakshasa hits you with a +0 trident!!
The rakshasa hits you from afar with a +0 trident.
You hear a shout!
10285 ||| READING 7 scrolls of teleportation.
As you read the scroll of teleportation, it crumbles to dust.
You feel strangely unstable.
The rakshasa hits you but does no damage.
The rakshasa hits you from afar with a +0 trident!
You die...

######### .#
###...#...########.##
........#...........
###....###...<..... #.#
###.##(##.###.## #.#
##....'.#..)...# #.#
##..#.##%##.#...#
#.###..####..[####..##
#.##..##..@R....!##..######
###....######...######.......
#.....## ##R## ##.#####
##.#.)..# #R# #......#
#....#.## ... ##.#...#
#...#### .ยค.. ####..# #..##
.... ##.# #...#### ...##
####..# ###..#.## ...#
##.#..##


You could see 3 rakshasas.

Vanquished Creatures
  A deep elf pyromancer (D:9)
  Maggie (D:6)
  A troll (D:11)
  4 hornets
  6 yaks
  2 steam dragons
  9 fire elementals
  5 water moccasins
  An ice beast (D:7)
  A sky beast (D:7)
  4 orc warriors
  3 black bears (D:10)
  3 ogres
  6 centaurs
  4 phantoms
  2 kobold brigands
  A necrophage (D:8)
  5 bullfrogs
  8 scorpions
  5 wights (D:8)
  10 killer bees
  2 howler monkeys
  2 hounds
  A gnoll bouda (D:8)
  A jelly (D:5)
  13 orc priests
  An iguana (D:5)
  9 orc wizards
  11 gnolls
  4 adders
  A white imp (D:7)
  An ufetubus (D:6)
  2 worms
  4 dart slugs
  79 orcs
  6 endoplasms
  A giant cockroach (D:1)
  14 goblins
  7 hobgoblins
  7 jackals
  3 quokkas
  5 ball pythons
  2 bats
  6 frilled lizards
  13 kobolds
  6 rats
283 creatures vanquished.

Vanquished Creatures (others)
  24 fungi (D:10)
  21 plants (D:10)
45 creatures vanquished.

Grand Total: 328 creatures vanquished

Notes
Turn   | Place    | Note
-------+----------+-------------------------------------------
     0 | D:1      | qw the Troll Cinder Acolyte began the quest for the Orb.
     0 | D:1      | Reached XP level 1. HP: 22/22 MP: 1/1
     0 | D:1      | 0 ||| qw: Version: 0.1-a-97-g2dd2ca4
     0 | D:1      | 0 ||| qw: Game counter: 4884
     0 | D:1      | 0 ||| qw: Always use a shield: true
     0 | D:1      | 0 ||| qw: God list: Okawaru
     0 | D:1      | 0 ||| qw: Allow faded altars: false
     0 | D:1      | 0 ||| qw: Do Orc after D:15 true
     0 | D:1      | 0 ||| qw: Do second Lair branch before Depths: true
     0 | D:1      | 0 ||| qw: Lair rune preference: random
     0 | D:1      | 0 ||| qw: Plans: Normal
     0 | D:1      | 0 ||| PLANNING D:1-11
    98 | D:1      | Found a faded altar of an unknown god.
   106 | D:1      | 106 ||| Stepping ~*~*~tactically~*~*~ (stealth).
   117 | D:1      | Reached XP level 2. HP: 29/29 MP: 2/2
   213 | D:1      | Reached skill level 4 in Unarmed Combat
   328 | D:1      | 328 ||| Stepping ~*~*~tactically~*~*~ (stealth).
   460 | D:1      | Reached XP level 3. HP: 36/36 MP: 3/3
   610 | D:1      | 610 ||| Stepping ~*~*~tactically~*~*~ (hiding).
   759 | D:1      | 759 ||| READING 4 scrolls labelled AFEMAA IMPORIDEOTT.
   860 | D:1      | 860 ||| READING scroll labelled SIBBUH HUBIAST.
   861 | D:1      | 861 ||| READING scroll labelled GUKKURCH SOARU.
   862 | D:1      | 862 ||| READING scroll labelled BIOTWU HIGH.
   863 | D:1      | 863 ||| READING scroll labelled JICOGR UZORHUBU.
   864 | D:1      | 864 ||| DRINKING 2 dark potions.
   865 | D:1      | 865 ||| DROPPING 3 scrolls of silence.
   962 | D:2      | 962 ||| Stepping ~*~*~tactically~*~*~ (hiding).
   969 | D:2      | 969 ||| INVOKING Fiery Armour.
  1142 | D:2      | Reached XP level 4. HP: 44/44 MP: 4/4
  1470 | D:2      | Reached skill level 5 in Unarmed Combat
  1471 | D:2      | 1471 ||| Stepping ~*~*~tactically~*~*~ (outnumbered).
  1767 | D:2      | 1767 ||| READING scroll labelled KEALOENLAP.
  1768 | D:2      | 1768 ||| READING scroll labelled CUILEIR TIUCO.
  1769 | D:2      | 1769 ||| READING scroll labelled ONNODE ORET.
  1908 | D:3      | 1908 ||| Stepping ~*~*~tactically~*~*~ (stealth).
  1912 | D:3      | 1912 ||| Stepping ~*~*~tactically~*~*~ (outnumbered).
  2051 | D:3      | 2051 ||| Stepping ~*~*~tactically~*~*~ (stealth).
  2055 | D:3      | 2055 ||| Stepping ~*~*~tactically~*~*~ (stealth).
  2118 | D:3      | 2118 ||| Stepping ~*~*~tactically~*~*~ (stealth).
  2121 | D:3      | 2121 ||| INVOKING Fiery Armour.
  2124 | D:3      | 2124 ||| Stepping ~*~*~tactically~*~*~ (hiding).
  2308 | D:3      | 2308 ||| Stepping ~*~*~tactically~*~*~ (stealth).
  2310 | D:3      | 2310 ||| Stepping ~*~*~tactically~*~*~ (hiding).
  2316 | D:3      | 2316 ||| Stepping ~*~*~tactically~*~*~ (outnumbered).
  2318 | D:3      | 2318 ||| Stepping ~*~*~tactically~*~*~ (outnumbered).
  2321 | D:3      | Reached XP level 5. HP: 37/50 MP: 5/5
  2396 | D:3      | Identified the +0 pair of boots of the Zealous Salamander
                  | {Str-5 Int+8}
  2614 | D:3      | 2614 ||| DRINKING 2 pink potions.
  2715 | D:3      | 2715 ||| DRINKING 3 murky white potions.
  2716 | D:3      | 2716 ||| DROPPING potion of ambrosia.
  2744 | D:4      | 2744 ||| Stepping ~*~*~tactically~*~*~ (hiding).
  2753 | D:4      | Reached skill level 6 in Unarmed Combat
  2755 | D:4      | 2755 ||| Stepping ~*~*~tactically~*~*~ (stealth).
  2758 | D:4      | 2758 ||| STAIRDANCE
  2781 | D:4      | 2781 ||| STAIRDANCE
  2800 | D:4      | 2800 ||| Stepping ~*~*~tactically~*~*~ (stealth).
  2801 | D:4      | 2801 ||| Stepping ~*~*~tactically~*~*~ (stealth).
  2828 | D:4      | Found Pit Sua's Tremendous Tomes.
  2877 | D:4      | Reached XP level 6. HP: 56/59 MP: 6/6
  2955 | D:4      | 2955 ||| Stepping ~*~*~tactically~*~*~ (stealth).
  2961 | D:4      | 2961 ||| Stepping ~*~*~tactically~*~*~ (stealth).
  2963 | D:4      | 2963 ||| Stepping ~*~*~tactically~*~*~ (stealth).
  2965 | D:4      | 2965 ||| Stepping ~*~*~tactically~*~*~ (stealth).
  2969 | D:4      | 2969 ||| INVOKING Fiery Armour.
  2972 | D:4      | 2972 ||| DRINKING 3 potions of curing.
  2972 | D:4      | 2972 ||| (to cure confusion)
  2975 | D:4      | Reached skill level 7 in Unarmed Combat
  3055 | D:4      | 3055 ||| Stepping ~*~*~tactically~*~*~ (stealth).
  3065 | D:4      | 3065 ||| INVOKING Fiery Armour.
  3065 | D:4      | HP: 2/59 [ogre/+0 giant club (17)]
  3066 | D:4      | Reached skill level 8 in Unarmed Combat
  3066 | D:4      | Reached XP level 7. HP: 3/66 MP: 7/7
  3443 | D:4      | Found a staircase to the Ecumenical Temple.
  3469 | D:4      | 3469 ||| Stepping ~*~*~tactically~*~*~ (stealth).
  3494 | D:4      | 3494 ||| Stepping ~*~*~tactically~*~*~ (outnumbered).
  3500 | D:4      | 3500 ||| FLEEEEING.
  3501 | D:4      | 3501 ||| FLEEEEING.
  3502 | D:4      | 3502 ||| FLEEEEING.
  3503 | D:4      | 3503 ||| FLEEEEING.
  3504 | D:4      | 3504 ||| FLEEEEING.
  3505 | D:4      | 3505 ||| FLEEEEING.
  3511 | D:4      | 3511 ||| Stepping ~*~*~tactically~*~*~ (stealth).
  3540 | D:4      | 3540 ||| Stepping ~*~*~tactically~*~*~ (stealth).
  3875 | D:4      | 3875 ||| Stepping ~*~*~tactically~*~*~ (stealth).
  3877 | D:4      | 3877 ||| Stepping ~*~*~tactically~*~*~ (stealth).
  3879 | D:4      | 3879 ||| Stepping ~*~*~tactically~*~*~ (stealth).
  3890 | D:4      | Reached skill level 3 in Fighting
  4014 | D:4      | 4014 ||| UPGRADING to ring of resist corrosion.
  4015 | D:4      | 4015 ||| READING scroll labelled GEN TUPTINGAHUH.
  4015 | D:4      | Identified a scroll of acquirement
  4015 | D:4      | 4015 ||| ACQUIRING 571 gold pieces
  4015 | D:4      | Acquired 571 gold pieces
  4017 | D:4      | 4017 ||| READING scroll labelled SIUKKU COIKHLU.
  4018 | D:4      | 4018 ||| READING 2 scrolls of identify.
  4018 | D:4      | 4018 ||| IDENTIFYING fizzy yellow potion
  4128 | D:4      | 4128 ||| READING 7 scrolls of teleportation.
  4129 | D:4      | 4129 ||| STAIRDANCE
  4185 | D:5      | Entered Level 5 of the Dungeon
  4233 | D:5      | 4233 ||| INVOKING Fiery Armour.
  4236 | D:5      | 4236 ||| FLEEEEING.
  4237 | D:5      | 4237 ||| FLEEEEING.
  4238 | D:5      | 4238 ||| FLEEEEING.
  4239 | D:5      | 4239 ||| FLEEEEING.
  4240 | D:5      | 4240 ||| FLEEEEING.
  4241 | D:5      | 4241 ||| FLEEEEING.
  4242 | D:5      | 4242 ||| FLEEEEING.
  4243 | D:5      | 4243 ||| FLEEEEING.
  4244 | D:5      | 4244 ||| FLEEEEING.
  4245 | D:5      | 4245 ||| FLEEEEING.
  4246 | D:5      | 4246 ||| FLEEEEING.
  4247 | D:5      | 4247 ||| FLEEEEING.
  4301 | D:5      | 4301 ||| Stepping ~*~*~tactically~*~*~ (stealth).
  4429 | D:5      | 4429 ||| INVOKING Fiery Armour.
  4680 | D:5      | Reached skill level 9 in Unarmed Combat
  5135 | D:5      | 5135 ||| UPGRADING to scarf of resistance.
  5140 | D:5      | 5140 ||| READING scroll labelled FOUSATSORIU.
  5315 | D:6      | Noticed Maggie
  5316 | D:6      | 5316 ||| Stepping ~*~*~tactically~*~*~ (hiding).
  5317 | D:6      | 5317 ||| Stepping ~*~*~tactically~*~*~ (hiding).
  5328 | D:6      | Killed Maggie
  5329 | D:6      | Reached skill level 3 in Throwing
  5329 | D:6      | Reached XP level 8. HP: 53/75 MP: 8/8
  5349 | D:6      | 5349 ||| Stepping ~*~*~tactically~*~*~ (stealth).
  5350 | D:6      | 5350 ||| Stepping ~*~*~tactically~*~*~ (stealth).
  5351 | D:6      | 5351 ||| Stepping ~*~*~tactically~*~*~ (stealth).
  5378 | D:6      | Reached skill level 1 in Dodging
  5464 | D:6      | 5464 ||| Stepping ~*~*~tactically~*~*~ (hiding).
  5467 | D:6      | 5467 ||| INVOKING Fiery Armour.
  5468 | D:6      | 5468 ||| Stepping ~*~*~tactically~*~*~ (outnumbered).
  5604 | D:6      | Reached skill level 10 in Unarmed Combat
  5692 | D:6      | 5692 ||| INVOKING Fiery Armour.
  5696 | D:6      | HP: 19/76 [poisoned by a water moccasin]
  5701 | D:6      | HP: 13/76 [poisoned by a water moccasin]
  5819 | D:6      | Found a runed translucent door.
  5820 | D:6      | Noticed Crazy Yiuf
  6144 | D:6      | 6144 ||| UPGRADING to +0 acid dragon scales.
  6154 | D:6      | 6154 ||| REMOVING ring of resist corrosion.
  6155 | D:6      | 6155 ||| DROPPING +0 robe.
  6156 | D:6      | 6156 ||| READING scroll of enchant armour.
  6156 | D:6      | 6156 ||| ENCHANTING +0 acid dragon scales.
  6157 | D:6      | 6157 ||| READING scroll labelled GACYTHR SIZIM.
  6158 | D:6      | 6158 ||| DRINKING 2 fuming silvery potions.
  6159 | D:6      | 6159 ||| READING 2 scrolls of identify.
  6159 | D:6      | 6159 ||| IDENTIFYING metallic sapphire potion
  6160 | D:6      | 6160 ||| DROPPING potion of lignification.
  6161 | D:6      | 6161 ||| DROPPING potion of magic.
  6199 | D:7      | 6199 ||| STAIRDANCE
  6199 | D:7      | Noticed a hornet
  6269 | D:7      | 6269 ||| STAIRDANCE
  6338 | D:7      | 6338 ||| STAIRDANCE
  6349 | D:6      | 6349 ||| INVOKING Fiery Armour.
  6350 | D:6      | Killed a hornet
  6351 | D:6      | Reached XP level 9. HP: 31/84 MP: 9/9
  6478 | D:7      | 6478 ||| STAIRDANCE
  6578 | D:7      | 6578 ||| STAIRDANCE
  6726 | D:7      | 6726 ||| Stepping ~*~*~tactically~*~*~ (outnumbered).
  6731 | D:7      | 6731 ||| DRINKING 4 potions of curing.
  6731 | D:7      | 6731 ||| (to cure confusion)
  6769 | D:7      | Reached skill level 11 in Unarmed Combat
  6814 | D:7      | 6814 ||| READING scroll of enchant armour.
  6814 | D:7      | 6814 ||| ENCHANTING +1 acid dragon scales.
  6847 | D:7      | Found a runed translucent gate.
  6847 | D:7      | Found a runed translucent gate.
  6848 | D:7      | Found a runed translucent gate.
  6848 | D:7      | Noticed a kobold demonologist
  6849 | D:7      | Noticed qw's ghost (novice TrCA)
  7002 | D:7      | 7002 ||| Stepping ~*~*~tactically~*~*~ (stealth).
  7004 | D:7      | 7004 ||| Stepping ~*~*~tactically~*~*~ (hiding).
  7009 | D:7      | 7009 ||| Stepping ~*~*~tactically~*~*~ (stealth).
  7023 | D:7      | 7023 ||| FLEEEEING.
  7024 | D:7      | 7024 ||| FLEEEEING.
  7025 | D:7      | 7025 ||| FLEEEEING.
  7026 | D:7      | 7026 ||| FLEEEEING.
  7027 | D:7      | 7027 ||| FLEEEEING.
  7028 | D:7      | 7028 ||| FLEEEEING.
  7029 | D:7      | 7029 ||| FLEEEEING.
  7030 | D:7      | 7030 ||| FLEEEEING.
  7031 | D:7      | 7031 ||| FLEEEEING.
  7034 | D:7      | 7034 ||| Stepping ~*~*~tactically~*~*~ (stealth).
  7035 | D:7      | 7035 ||| Stepping ~*~*~tactically~*~*~ (stealth).
  7036 | D:7      | 7036 ||| Stepping ~*~*~tactically~*~*~ (stealth).
  7041 | D:7      | 7041 ||| Stepping ~*~*~tactically~*~*~ (hiding).
  7046 | D:7      | 7046 ||| DRINKING 3 potions of curing.
  7046 | D:7      | 7046 ||| (to cure confusion)
  7099 | D:7      | Reached skill level 12 in Unarmed Combat
  7245 | D:7      | 7245 ||| READING scroll labelled BUNTIA QODE.
  7325 | D:8      | 7325 ||| Stepping ~*~*~tactically~*~*~ (hiding).
  7330 | D:8      | 7330 ||| Stepping ~*~*~tactically~*~*~ (outnumbered).
  7331 | D:8      | 7331 ||| Stepping ~*~*~tactically~*~*~ (outnumbered).
  7338 | D:8      | 7338 ||| Stepping ~*~*~tactically~*~*~ (outnumbered).
  7426 | D:8      | 7426 ||| INVOKING Fiery Armour.
  7493 | D:8      | 7493 ||| Stepping ~*~*~tactically~*~*~ (hiding).
  7544 | D:8      | 7544 ||| Stepping ~*~*~tactically~*~*~ (hiding).
  7559 | D:8      | 7559 ||| INVOKING Fiery Armour.
  7725 | D:8      | 7725 ||| Stepping ~*~*~tactically~*~*~ (stealth).
  7726 | D:8      | 7726 ||| INVOKING Fiery Armour.
  7729 | D:8      | 7729 ||| Stepping ~*~*~tactically~*~*~ (outnumbered).
  7735 | D:8      | Reached XP level 10. HP: 81/95 MP: 10/10
  7948 | D:8      | 7948 ||| Stepping ~*~*~tactically~*~*~ (stealth).
  7949 | D:8      | 7949 ||| INVOKING Fiery Armour.
  7953 | D:8      | 7953 ||| Stepping ~*~*~tactically~*~*~ (outnumbered).
  7954 | D:8      | 7954 ||| Stepping ~*~*~tactically~*~*~ (outnumbered).
  7955 | D:8      | 7955 ||| Stepping ~*~*~tactically~*~*~ (outnumbered).
  7956 | D:8      | 7956 ||| Stepping ~*~*~tactically~*~*~ (outnumbered).
  7959 | D:8      | 7959 ||| Stepping ~*~*~tactically~*~*~ (hiding).
  7982 | D:8      | 7982 ||| FLEEEEING.
  7983 | D:8      | 7983 ||| FLEEEEING.
  7984 | D:8      | 7984 ||| FLEEEEING.
  7985 | D:8      | 7985 ||| FLEEEEING.
  7986 | D:8      | 7986 ||| FLEEEEING.
  7987 | D:8      | 7987 ||| FLEEEEING.
  7988 | D:8      | 7988 ||| FLEEEEING.
  7989 | D:8      | 7989 ||| FLEEEEING.
  7990 | D:8      | 7990 ||| FLEEEEING.
  7991 | D:8      | 7991 ||| FLEEEEING.
  7992 | D:8      | 7992 ||| FLEEEEING.
  7993 | D:8      | 7993 ||| FLEEEEING.
  7994 | D:8      | 7994 ||| FLEEEEING.
  7995 | D:8      | 7995 ||| FLEEEEING.
  7996 | D:8      | 7996 ||| FLEEEEING.
  7997 | D:8      | 7997 ||| FLEEEEING.
  7998 | D:8      | 7998 ||| FLEEEEING.
  7999 | D:8      | 7999 ||| FLEEEEING.
  8000 | D:8      | 8000 ||| FLEEEEING.
  8001 | D:8      | 8001 ||| FLEEEEING.
  8002 | D:8      | 8002 ||| FLEEEEING.
  8003 | D:8      | 8003 ||| FLEEEEING.
  8004 | D:8      | 8004 ||| FLEEEEING.
  8005 | D:8      | 8005 ||| FLEEEEING.
  8006 | D:8      | 8006 ||| FLEEEEING.
  8007 | D:8      | 8007 ||| FLEEEEING.
  8008 | D:8      | 8008 ||| FLEEEEING.
  8009 | D:8      | 8009 ||| FLEEEEING.
  8010 | D:8      | 8010 ||| FLEEEEING.
  8011 | D:8      | 8011 ||| FLEEEEING.
  8012 | D:8      | 8012 ||| FLEEEEING.
  8013 | D:8      | 8013 ||| FLEEEEING.
  8014 | D:8      | 8014 ||| FLEEEEING.
  8015 | D:8      | 8015 ||| FLEEEEING.
  8016 | D:8      | 8016 ||| FLEEEEING.
  8017 | D:8      | 8017 ||| FLEEEEING.
  8018 | D:8      | 8018 ||| FLEEEEING.
  8019 | D:8      | 8019 ||| FLEEEEING.
  8020 | D:8      | 8020 ||| FLEEEEING.
  8025 | D:8      | 8025 ||| Stepping ~*~*~tactically~*~*~ (outnumbered).
  8026 | D:8      | 8026 ||| Stepping ~*~*~tactically~*~*~ (outnumbered).
  8027 | D:8      | 8027 ||| Stepping ~*~*~tactically~*~*~ (outnumbered).
  8028 | D:8      | 8028 ||| Stepping ~*~*~tactically~*~*~ (outnumbered).
  8029 | D:8      | 8029 ||| Stepping ~*~*~tactically~*~*~ (outnumbered).
  8030 | D:8      | 8030 ||| Stepping ~*~*~tactically~*~*~ (outnumbered).
  8033 | D:8      | 8033 ||| Stepping ~*~*~tactically~*~*~ (outnumbered).
  8034 | D:8      | 8034 ||| Stepping ~*~*~tactically~*~*~ (outnumbered).
  8036 | D:8      | 8036 ||| Stepping ~*~*~tactically~*~*~ (outnumbered).
  8038 | D:8      | 8038 ||| Stepping ~*~*~tactically~*~*~ (outnumbered).
  8365 | D:8      | 8365 ||| PLANNING TEMPLE
  8365 | D:8      | 8365 ||| DRINKING 2 blue potions.
  8366 | D:8      | 8366 ||| DRINKING 2 glowing orange potions.
  8367 | D:8      | 8367 ||| DROPPING potion of brilliance.
  8540 | Temple   | Entered the Ecumenical Temple
  8711 | Temple   | 8711 ||| PLANNING CONVERSION TO OKAWARU
  8714 | Temple   | Fell from the grace of Ignis
  8714 | Temple   | Became a worshipper of Warmaster Okawaru
  8715 | Temple   | 8715 ||| PLANNING D:1-11
  8914 | D:9      | 8914 ||| Stepping ~*~*~tactically~*~*~ (outnumbered).
  8923 | D:9      | Reached skill level 13 in Unarmed Combat
  8969 | D:9      | You fall into a shaft and drop 2 floors!
  9055 | D:11     | Reached * piety under Okawaru
  9063 | D:11     | 9063 ||| Stepping ~*~*~tactically~*~*~ (stealth).
  9065 | D:11     | 9065 ||| Stepping ~*~*~tactically~*~*~ (stealth).
  9068 | D:11     | 9068 ||| Stepping ~*~*~tactically~*~*~ (stealth).
  9075 | D:11     | 9075 ||| INVOKING Heroism.
  9076 | D:11     | 9076 ||| INVOKING Heroism.
  9079 | D:11     | Reached skill level 1 in Invocations
  9149 | D:10     | Entered Level 10 of the Dungeon
  9244 | D:10     | 9244 ||| INVOKING Heroism.
  9267 | D:10     | 9267 ||| INVOKING Heroism.
  9273 | D:10     | Found a staircase to the Lair.
  9275 | D:10     | 9275 ||| Stepping ~*~*~tactically~*~*~ (outnumbered).
  9276 | D:10     | 9276 ||| Stepping ~*~*~tactically~*~*~ (outnumbered).
  9277 | D:10     | 9277 ||| Stepping ~*~*~tactically~*~*~ (outnumbered).
  9281 | D:10     | 9281 ||| Stepping ~*~*~tactically~*~*~ (outnumbered).
  9282 | D:10     | 9282 ||| Stepping ~*~*~tactically~*~*~ (outnumbered).
  9283 | D:10     | 9283 ||| Stepping ~*~*~tactically~*~*~ (outnumbered).
  9284 | D:10     | 9284 ||| Stepping ~*~*~tactically~*~*~ (outnumbered).
  9285 | D:10     | 9285 ||| Stepping ~*~*~tactically~*~*~ (outnumbered).
  9286 | D:10     | 9286 ||| Stepping ~*~*~tactically~*~*~ (outnumbered).
  9287 | D:10     | 9287 ||| Stepping ~*~*~tactically~*~*~ (outnumbered).
  9288 | D:10     | 9288 ||| Stepping ~*~*~tactically~*~*~ (outnumbered).
  9289 | D:10     | 9289 ||| Stepping ~*~*~tactically~*~*~ (outnumbered).
  9290 | D:10     | 9290 ||| INVOKING Heroism.
  9291 | D:10     | 9291 ||| Stepping ~*~*~tactically~*~*~ (outnumbered).
  9292 | D:10     | 9292 ||| Stepping ~*~*~tactically~*~*~ (outnumbered).
  9296 | D:10     | 9296 ||| Stepping ~*~*~tactically~*~*~ (outnumbered).
  9299 | D:10     | Reached skill level 3 in Invocations
  9313 | D:10     | 9313 ||| INVOKING Heroism.
  9317 | D:10     | HP: 20/96 [fire elemental[the fiery vengeance of Ignis]
                  | (9)]
  9318 | D:10     | 9318 ||| READING 7 scrolls of teleportation.
  9319 | D:10     | 9319 ||| DRINKING potion of heal wounds.
  9511 | D:10     | 9511 ||| Stepping ~*~*~tactically~*~*~ (hiding).
  9512 | D:10     | 9512 ||| INVOKING Heroism.
  9520 | D:10     | 9520 ||| Stepping ~*~*~tactically~*~*~ (outnumbered).
  9521 | D:10     | 9521 ||| Stepping ~*~*~tactically~*~*~ (outnumbered).
  9522 | D:10     | 9522 ||| Stepping ~*~*~tactically~*~*~ (outnumbered).
  9560 | D:10     | 9560 ||| Stepping ~*~*~tactically~*~*~ (hiding).
  9689 | D:9      | 9689 ||| Stepping ~*~*~tactically~*~*~ (stealth).
  9696 | D:9      | Reached skill level 14 in Unarmed Combat
  9697 | D:9      | 9697 ||| Stepping ~*~*~tactically~*~*~ (stealth).
  9699 | D:9      | Reached ** piety under Okawaru
  9720 | D:9      | 9720 ||| INVOKING Heroism.
  9721 | D:9      | HP: 19/98 [fire elemental[the fiery vengeance of Ignis]
                  | (6)]
  9722 | D:9      | 9722 ||| READING 7 scrolls of teleportation.
  9723 | D:9      | HP: 4/98 [fire elemental[the fiery vengeance of Ignis] (8)]
  9935 | D:9      | You fall into a shaft and drop 1 floor!
 10034 | D:9      | 10034 ||| Stepping ~*~*~tactically~*~*~ (outnumbered).
 10042 | D:9      | 10042 ||| INVOKING Heroism.
 10252 | D:9      | Reached skill level 6 in Fighting
 10254 | D:9      | 10254 ||| Stepping ~*~*~tactically~*~*~ (stealth).
 10254 | D:9      | Noticed a deep elf pyromancer
 10255 | D:9      | 10255 ||| Stepping ~*~*~tactically~*~*~ (stealth).
 10259 | D:9      | Noticed a rakshasa
 10260 | D:9      | 10260 ||| Stepping ~*~*~tactically~*~*~ (hiding).
 10270 | D:9      | 10270 ||| INVOKING Heroism.
 10271 | D:9      | 10271 ||| Stepping ~*~*~tactically~*~*~ (outnumbered).
 10275 | D:9      | 10275 ||| Stepping ~*~*~tactically~*~*~ (outnumbered).
 10277 | D:9      | Reached XP level 11. HP: 73/105 MP: 10/13
 10278 | D:9      | Killed a deep elf pyromancer
 10284 | D:9      | HP: 17/105 [rakshasa (illusionary)/+0 trident (18)]
 10285 | D:9      | 10285 ||| READING 7 scrolls of teleportation.
 10285 | D:9      | Slain by a rakshasa

Levels and vault maps discovered:
D:1:      lightli_arrival_quake, layout_loops_ring,
          hellmonk_ecumenical_altar_heavens_door, serial_forest,
          infiniplex_forest_zigzag_1, infiniplex_forest_clump_curved,
          infiniplex_forest_diagonal, infiniplex_forest_end_1, minmay_surrounded
D:2:      layout_loops_corners, hangedman_feature_mirror, nicolae_grassy_gnolls
D:3:      layout_loops_cross
D:4:      minmay_inner_zag, layout_layer_cave, minmay_temple_entry_metal_lava,
          nicolae_shop_i_like_big_books, minmay_door_square,
          hangedman_abyss_or_decor_stabs, kennysheep_boxes
D:5:      layout_basic
D:6:      layout_loops_ring, uniq_crazy_yiuf_cottage, uniq_maggie
D:7:      minmay_evil_eye, layout_cave_pools, gammafunk_ghost_nasty_kobolds
D:8:      layout_gridville, enter_bailey_3, special_room [special_room_orc],
          nicolae_two_hexagons
D:9:      layout_loops_ring, minmay_fractal_squares_gapless_7
D:10:     layout_layer_cave, mainiacjoe_overflow_big_doors,
          due_lair_maze_entry_diamond, special_room [special_room_orc],
          grunt_ministairs_13, hangedman_decor_opposing
D:11:     layout_basic, serial_shops, nicolae_shop_bloodbath_and_beyond,
          minivault_25_ag, grunt_decor_arrowhead, uniq_maurice
Temple:   mainiacjoe_temple_big_plus

Skill      XL: |  1  2  3  4  5  6  7  8  9 10 |
---------------+-------------------------------+-----
Unarmed Combat | 4 5 6 8 9 10 12 14 | 14.2
Fighting       | 3 4 5 6 |  6.1
Throwing       | 3 |  3.7
Dodging        | 1 |  1.1
Armour         | 2 |  2.1
Invocations    | 4 |  4.0
Spellcasting   | |  1.0
Fire Magic     | |  2.1

Action                   |  1- 3 |  4- 6 |  7- 9 | 10-12 || total
-------------------------+-------+-------+-------+-------++-------
Melee: Unarmed           |   101 |   128 |   242 |   197 ||   668
       Punch             |     1 |     4 |     9 |    11 ||    25
Throw: Boomerang         |       |     6 |    71 |    57 ||   134
Invok: Fiery Armour      |     1 |     3 |     8 |     1 ||    13
       Heroism           |       |       |       |     9 ||     9
  Use: Scroll            |     5 |     3 |    10 |     3 ||    21
       Potion            |     1 |     3 |     3 |     3 ||    10
Armor: Robe              |    24 |    42 |    18 |       ||    84
       Acid dragon scale |       |       |    61 |   107 ||   168
Dodge: Dodged            |    30 |    46 |    79 |    83 ||   238

Table legend:
 A = Non-vault XP
 B = Vault XP
 C = Vault XP percentage of total XP
 D = Non-vault monster count
 E = Vault monster count
 F = Vault count percentage of total count
                 A         B        C        D         E       F
            +---------+---------+-------+---------+---------+-------
      Total |    7836 |    3796 |  32.6 |     206 |      68 |  24.8
            +---------+---------+-------+---------+---------+-------
        D:1 |      44 |       3 |   6.4 |      25 |       3 |  10.7
        D:2 |      18 |      42 |  70.0 |      12 |       3 |  20.0
        D:3 |     197 |       0 |   0.0 |      27 |       0 |   0.0
        D:4 |     330 |     240 |  42.1 |      30 |       6 |  16.7
        D:5 |     441 |       0 |   0.0 |      18 |       0 |   0.0
        D:6 |    1509 |     424 |  21.9 |      21 |       1 |   4.5
        D:7 |    1115 |     142 |  11.3 |      23 |       1 |   4.2
        D:8 |    1357 |     493 |  26.6 |      20 |      29 |  59.2
        D:9 |    1611 |     989 |  38.0 |      15 |       3 |  16.7
       D:10 |     237 |    1463 |  86.1 |       6 |      22 |  78.6
       D:11 |     977 |       0 |   0.0 |       9 |       0 |   0.0
            +---------+---------+-------+---------+---------+-------
